 Dungeon Crawl Stone Soup version 0.31-a0-806-g0bc164a743 (webtiles) character file.

Game seed: 3220392645686873278

2352 Shayle the Fighter (level 9, 0/150 HPs)
             Began as an Ogre Hexslinger on Sept 21, 2023.
             Was a Follower of Kikubaaqudgha.
             Slain by a human
             ... wielding a +0 heavy hand axe
              (13 damage)
             ... in a bailey.
             The game lasted 00:24:42 (7072 turns).

Shayle the Fighter (Ogre Hexslinger)                Turns: 7072, Time: 00:24:42

Health: 0/150      AC:  3    Str: 14    XL:     9   Next: 43%
Magic:  20/20      EV: 10    Int: 18    God:    Kikubaaqudgha [*.....]
Gold:   211        SH:  0    Dex: 11    Spells: 23/23 levels left

rFire   . . .        m - +3 hand axe
rCold   . . .        (no shield)
rNeg    . . .        c - +0 robe
rPois   .            (helmet restricted)
rElec   .            (no cloak)
rCorr   .            (gloves unavailable)
SInv    .            (boots unavailable)
Will    .....        (no amulet) Stlth
                     (no ring)
HPRegen 0.45/turn    (no ring)
MPRegen 0.17/turn

%: no passive effects
@: berserking, very quick
A: large, unfitting armour, tough skin 1
a: Renounce Religion, Unearth Wretches


You were in a bailey.
You worshipped Kikubaaqudgha.
Kikubaaqudgha was aware of your devotion.
You visited 2 branches of the dungeon, and saw 8 of its levels.
You also visited: Bailey.

You collected 258 gold pieces.
You spent 47 gold pieces at shops.

Inventory:

Hand Weapons
 a - a +1 sling
 m - a +3 hand axe (weapon)
 n - the +5 falchion "Dupracamu" {heavy, Will+ Str-2 Int+3 Dex+7}
   (You found it on level 3 of the Dungeon)

   Str-2:     It affects your strength (-2).
   Int+3:     It affects your intelligence (+3).
   Dex+7:     It affects your dexterity (+7).
   Will+:     It increases your willpower.
 o - a +1 short sword of holy wrath
 p - the +7 short sword "Loib" {flame, rPois}
   (You found it on level 4 of the Dungeon)

   rPois:     It protects you from poison
 s - a +3 dagger of venom
 t - a +0 giant spiked club
Armour
 c - a +0 robe (worn)
Jewellery
 k - a ring of willpower
 q - an amulet of reflection
 w - a ring of flight
Wands
 r - a wand of flame (17)
Scrolls
 f - 2 scrolls of vulnerability {unknown}
 j - 3 scrolls of immolation
 l - a scroll of enchant weapon
 v - a scroll of poison
 y - a scroll of fear {unknown}
 z - 2 scrolls of fog {unknown}
Potions
 b - 3 potions of attraction {unknown}
 d - a potion of lignification
 e - a potion of haste {unknown}
 g - a potion of might {unknown}
 h - 2 potions of brilliance
 i - 4 potions of degeneration
 u - a potion of curing {unknown}
 x - a potion of heal wounds {unknown}
 A - 2 potions of berserk rage
 B - a potion of cancellation {unknown}


   Skills:
 + Level 9.5 Fighting
 - Level 1.3 Ranged Weapons
 - Level 1.7 Dodging
 + Level 7.8 Spellcasting
 - Level 2.6 Hexes
 + Level 6.5 Fire Magic


You had 23 spell levels left.
You didn't know any spells.
Your spell library contained the following spells:

 Spells                   Type           Power      Damage    Failure   Level
 Jinxbite                 Hex            32%        N/A       4%          2
 Inner Flame              Hex/Fire       23%        N/A       4%          3
 Apportation              Tloc           14%        N/A       10%         1
 Necrotise                Necr           28%        1d5       10%         1
 Sigil of Binding         Hex            16%        N/A       10%         3
 Cigotuvi's Dreadful Rot  Necr/Pois/Air  14%        N/A       16%         2
 Call Canine Familiar     Summ           7%         N/A       30%         3
 Vampiric Draining        Necr           7%         2d6       30%         3
 Cause Fear               Hex            8%         N/A       32%         4
 Dimensional Bullseye     Hex/Tloc       5%         N/A       50%         4
 Leda's Liquefaction      Hex/Erth       5%         N/A       50%         4
 Animate Dead             Necr           7%         N/A       69%         4


Dungeon Overview and Level Annotations

Branches:
Dungeon (7/15)             Temple (1/1) D:4          Bailey (1/1)

Altars:
Ashenzari
Cheibriados
Dithmenos
Elyvilon
Fedhas
Gozag
Hepliaklqana
Kikubaaqudgha
Makhleb
Nemelex Xobeh
Okawaru
Qazlal
Ru
Sif Muna
Trog
Yredelemnul
The Shining One

Shops:
D:5 :   D:6 *


Innate Abilities, Weirdness & Mutations

You are too large for most types of armour.
You have tough skin. (AC +1)


Message History

The human hits you with a +2 heavy hand axe.
You hit the human.
The human is almost dead.
A human comes into view. It is wielding a +0 heavy hand axe.
The human barely misses you.
You closely miss the human.
The human is almost dead.
You hit the human but do no damage.
The human hits you with a +0 heavy hand axe!
The human hits you with a +2 heavy hand axe.
You hit the human but do no damage.
The human is almost dead.
You closely miss the human. The human misses you.
The human hits you with a +2 heavy hand axe!
* * * LOW HITPOINT WARNING * * *
It was a potion of berserk rage.
A red film seems to cover your vision as you go berserk!
You feel yourself moving faster!
You feel mighty!
The human hits you with a +0 heavy hand axe!
* * * LOW HITPOINT WARNING * * *
You closely miss the human.
The human is almost dead.
You barely miss the human.
The human hits you with a +2 heavy hand axe!
* * * LOW HITPOINT WARNING * * *
You hit the human.
You kill the human!
Kikubaaqudgha accepts your kill.
You hit the human. The human closely misses you.
You barely miss the human.
The human is lightly wounded.
The human hits you with a +0 heavy hand axe!
* * * LOW HITPOINT WARNING * * *
You slash the human!
The human is heavily wounded.
You slash the human!
The human is severely wounded.
The human hits you with a +0 heavy hand axe!
You die...
Kikubaaqudgha rasps: "You have failed me!
Welcome... death!"

### ..#
##..#
#...#
#...#
#...##
#)p..#
#+#@#
##...##
#.....#
#.∩.∩.#
#.....#
##...##
#####


You could see a human.

Vanquished Creatures
  Prince Ribbit (D:6)
  2 humans (Bailey)
  Edmund (D:6)
  A water moccasin (D:6)
  2 black bears
  3 ogres
  2 centaurs (D:6)
  2 kobold brigands (D:6)
  A bullfrog (D:6)
  A scorpion (D:4)
  A howler monkey (D:5)
  A hound (D:5)
  2 orc priests (D:4)
  3 jellies
  6 iguanas
  Ijyb (D:4)
  A sleepcap (D:4)
  3 orc wizards (D:6)
  8 adders
  5 gnolls
  A white imp (D:6)
  2 ufetubi (D:5)
  3 worms
  2 dart slugs
  17 orcs
  4 ball pythons
  9 bats
  8 endoplasms
  4 giant cockroaches
  11 goblins
  8 hobgoblins
  7 jackals
  3 quokkas
  2 frilled lizards
  20 kobolds
  4 rats
  A butterfly (D:3)
153 creatures vanquished.

Vanquished Creatures (others)
  A kobold (D:6)
1 creature vanquished.

Grand Total: 154 creatures vanquished

Notes
Turn   | Place    | Note
-------+----------+-------------------------------------------
     0 | D:1      | Shayle the Ogre Hexslinger began the quest for the Orb.
     0 | D:1      | Reached XP level 1. HP: 19/19 MP: 2/2
    27 | D:1      | Reached skill level 1 in Fire Magic
   121 | D:1      | Reached XP level 2. HP: 28/28 MP: 4/4
   128 | D:1      | Reached skill level 2 in Fighting
   180 | D:1      | Found a faded altar of an unknown god.
   875 | D:2      | Reached XP level 3. HP: 13/36 MP: 6/6
  1312 | D:2      | Reached skill level 3 in Fighting
  1366 | D:2      | Reached XP level 4. HP: 43/45 MP: 7/7
  1604 | D:3      | Found a burning altar of Makhleb.
  1653 | D:3      | Found an iron altar of Okawaru.
  1655 | D:3      | Identified the +5 falchion "Dupracamu" {heavy, Will+ Str-2
                  | Int+3 Dex+7}
  2266 | D:2      | Reached XP level 5. HP: 40/54 MP: 9/9
  2439 | D:3      | Found a bloodstained altar of Trog.
  2445 | D:3      | Got a sparkling book
  2863 | D:4      | Reached skill level 4 in Fighting
  2970 | D:4      | Identified the +7 short sword "Loib" {flame, rPois}
  3015 | D:4      | Reached XP level 6. HP: 49/63 MP: 9/11
  3113 | D:4      | Found a sparkling altar of Nemelex Xobeh.
  3114 | D:4      | Noticed Ijyb
  3125 | D:4      | Killed Ijyb
  3136 | D:4      | Found a blossoming altar of Fedhas.
  3158 | D:4      | Found a stormy altar of Qazlal.
  3374 | D:4      | Reached skill level 5 in Fighting
  3651 | D:4      | Found a staircase to the Ecumenical Temple.
  3660 | Temple   | Entered the Ecumenical Temple
  3702 | Temple   | Became a worshipper of Kikubaaqudgha
  3899 | D:4      | Reached XP level 7. HP: 34/74 MP: 12/14
  4093 | D:5      | Entered Level 5 of the Dungeon
  4102 | D:5      | Reached skill level 6 in Fighting
  4260 | D:5      | Reached skill level 5 in Spellcasting
  4490 | D:5      | Found Qalempi's Book Emporium.
  4510 | D:5      | Reached XP level 8. HP: 60/84 MP: 16/16
  4886 | D:5      | Reached skill level 7 in Fighting
  5379 | D:6      | Reached skill level 5 in Fire Magic
  5610 | D:6      | Found Boamoyfi's Assorted Antiques.
  5627 | D:6      | Reached * piety under Kikubaaqudgha
  5627 | D:6      | Received a gift from Kikubaaqudgha
  5634 | D:6      | Bought a scroll labelled REGATEZENK for 25 gold pieces
  5634 | D:6      | Bought a fizzy clear potion for 22 gold pieces
  5735 | D:6      | Noticed Edmund
  5754 | D:6      | Killed Edmund
  5755 | D:6      | Reached skill level 8 in Fighting
  5884 | D:6      | Found a sacrificial altar of Ru.
  6156 | D:6      | Reached XP level 9. HP: 45/97 MP: 19/19
  6411 | D:6      | Noticed Prince Ribbit
  6445 | D:6      | Killed Prince Ribbit
  6593 | D:6      | Reached skill level 9 in Fighting
  7003 | D:7      | Found a flagged portal.
  7021 | Bailey   | Entered a bailey
  7072 | Bailey   | Slain by a human

Illustrated notes

Levels and vault maps discovered:
D:1:      lemuel_arrival_cross, layout_rooms,
          dreamdust_ecumenical_altar_statues, kennysheep_small_spiral,
          roderic_roman_lattice, kennysheep_crisscross
D:2:      layout_loops_cross
D:3:      layout_loops_ring, trog_book, mainiacjoe_overflow_catch_the_wave,
          hangedman_glass_garden
D:4:      minmay_opposing_rooms, layout_loops_ring,
          grunt_temple_overflow_forces_of_nature, old_standard_altar,
          minmay_temple_entry_poolview, uniq_ijyb
D:5:      layout_loops_corners, serial_shops, shop
D:6:      layout_loops_corners, nicolae_ru_awakened_eye, serial_shops, shop,
          minmay_holes, uniq_prince_ribbit1, uniq_edmund
D:7:      layout_rooms, enter_bailey_3, chequers_serial_rivers_small_3,
          kennysheep_big_empty_room, uniq_jeremiah
Temple:   nicolae_temple_two_arcs
Bailey:   bailey_axe_froggy_fort_hellmonk, bailey

Skill      XL: |  1  2  3  4  5  6  7  8  9 |
---------------+----------------------------+-----
Fire Magic     | 1 2 3 4 5 6 |  6.5
Fighting       | 2 3 4 5 6 8 9 |  9.5
Spellcasting   | 2 3 4 5 7 |  7.8
Ranged Weapons | |  1.3
Dodging        | |  1.7
Hexes          | |  2.6

Action                     |  1- 3 |  4- 6 |  7- 9 || total
---------------------------+-------+-------+-------++-------
  Melee: Short sword       |       |    50 |   199 ||   249
         Punch             |       |     1 |     2 ||     3
         Hand axe          |       |       |    29 ||    29
   Fire: Sling             |   131 |   154 |       ||   285
  Evoke: Wand              |       |     2 |    21 ||    23
    Use: Scroll            |       |     4 |     3 ||     7
         Potion            |       |       |     2 ||     2
   Stab: Sleeping          |       |       |     1 ||     1
 Armour: Robe              |    69 |   117 |   146 ||   332
         Skin              |       |       |    40 ||    40
  Dodge: Dodged            |    45 |   112 |    76 ||   233
  Block: Other             |       |     4 |    30 ||    34
         Reflection        |       |       |     2 ||     2

Table legend: (Time is in decaauts)
 A = Elapsed time spent in this place.
 B = Non-inter-level travel time spent in this place.
 C = Inter-level travel time spent in this place.
 D = Time resting spent in this place.
 E = Time spent auto-exploring this place.
 F = Levels seen in this place.
 G = Mean time per level.
                   A        B        C        D        E       F      G
               +--------+--------+--------+--------+--------+-----+--------+
         Total |   7171 |   6848 |    323 |    628 |   4761 |   9 |  796.8 |
       Dungeon |   7060 |   6747 |    313 |    628 |   4759 |   7 | 1008.6 |
        Temple |     53 |     43 |     10 |      0 |      0 |   1 |   53.0 |
        Bailey |     57 |     57 |      0 |      0 |      2 |   1 |   57.0 |
               +--------+--------+--------+--------+--------+-----+--------+

Top non-repeatable levels by time:
     D:6: 1790 daAuts
     D:4: 1208 daAuts
     D:3: 1200 daAuts
     D:5: 1118 daAuts
     D:2: 980 daAuts
     D:1: 744 daAuts
  Bailey: 57 daAuts
  Temple: 53 daAuts
     D:7: 17 daAuts
